 Dungeon Crawl Stone Soup version 0.17-a0-1840-g87820a2 (webtiles) character file.

189 shakdrar the Conjurer (level 5, -4/28 HPs)
             Began as a Deep Elf Conjurer on Sept 16, 2015.
             Killed from afar by shakdrar's ghost (14 damage)
             ... with a spray of energy
             ... on level 4 of the Dungeon.
             The game lasted 00:17:42 (3630 turns).

shakdrar the Conjurer (Deep Elf Conjurer)           Turns: 3630, Time: 00:17:42

Health: -4/28      AC:  4    Str:  6    XL:     5   Next: 40%
Magic:  10/14      EV: 13    Int: 20    God:
Gold:   142        SH:  0    Dex: 15    Spells: 4 memorised, 3 levels left

rFire  . . .     SeeInvis .     n - +2 dagger (drain)
rCold  . . .     Clarity  .     a - +1 robe
rNeg   . . .     SustAt   .     (no shield)
rPois  .         Gourm    .     o - +0 helmet
rElec  .         Spirit   .     (no cloak)
rCorr  .         Warding  .     (no gloves)
rMut   .         Stasis   .     (no boots)
MR     .....                    (no amulet)
Stlth  +.........               (no ring)
                                j - ring of flight

@: confused, not resistant to hostile enchantments, very unstealthy
A: no striking features
a: Evoke Flight


You were on level 4 of the Dungeon.
You were not hungry.

You visited 1 branch of the dungeon, and saw 4 of its levels.

You collected 142 gold pieces.

Inventory:

Hand weapons
 i - a +1 dagger of draining
 n - a +2 dagger of draining (weapon)
Armour
 a - a +1 robe (worn)
 o - a +0 helmet (worn)
Jewellery
 j - a ring of flight (left hand)
Scrolls
 e - a scroll of blinking
 f - 3 scrolls of magic mapping
 k - a scroll of teleportation
 m - a scroll of remove curse
Potions
 h - a potion of cure mutation
Books
 b - a book of Conjurations

   Spells                             Type                      Level
   a - Magic Dart                     Conjuration                  1
   b - Searing Ray                    Conjuration                  2
   c - Dazzling Spray                 Conjuration/Hexes            3
   d - Fulminant Prism                Conjuration/Hexes            4
   e - Iskenderun's Mystic Blast      Conjuration                  4
   f - Iskenderun's Battlesphere      Conjuration/Charms           5
Comestibles
 c - 4 bread rations
 g - 4 fruits
 l - a meat ration


   Skills:
 + Level 3.4 Dodging
 - Level 3.0 Stealth
 + Level 4.6 Spellcasting
 * Level 6.1 Conjurations


You had 3 spell levels left.
You knew the following spells:

 Your Spells              Type           Power        Failure   Level  Hunger
a - Magic Dart            Conj           ####         1%          1    None
b - Searing Ray           Conj           ####..       1%          2    #......
c - Dazzling Spray        Conj/Hex       ###.....     12%         3    ##.....
d - Iskenderun's Mystic   Conj           ####....     12%         4    ####...


Dungeon Overview and Level Annotations

Branches:
Dungeon (4/15)
 Temple: D:4-7

Altars:

Annotations:
D:4 Eustachio; shakdrar's ghost, average DECj


Message History

The spray of energy hits you!
The jackal barks!
Ouch! That really hurt!
You are confused.
You're too confused to cast spells.
Unknown command.
You're too confused to move!
A scorpion comes into view.
Drink which item? (? for menu, Esc to quit)
Okay, then.
You're too confused!
Shakdrar's ghost casts a spell at you. The spray of energy misses you.
Shakdrar's ghost hits you but does no damage.
The jackal bites you but does no damage.
You miss shakdrar's ghost. The jackal closely misses you.
Shakdrar's ghost points at you and mumbles some strange words.
The spray of energy hits you!
Ouch! That really hurt!
You die...

#..5..# ###.#.####
########## #5#5##..
.........#
#.#.##.###########.##....
#(#.@..ยง.<55.r...#.##...
#.####.#.#######.#.# ...
#@5...r#......5..#.###.#+#
##################.#...#.#
#......@......#.....####
#.####hW########........
#......#......<..O##
#......##...####hZ<#
#.[..........o.o.h....
#.#...... ...#....####
#.....##.### ####.#
....#.. .. ..# ##.##.< .##
####


You could see shakdrar's ghost and a jackal.

Vanquished Creatures
  Ijyb (D:3)
  Robin (D:3)
  4 gnolls (D:2)
  4 adders (D:2)
  2 worms (D:2)
  A giant gecko (D:2)
  3 orcs (D:3)
  3 giant cockroaches
  14 goblins
  8 hobgoblins
  3 jackals
  8 kobolds
  2 quokkas
  2 ball pythons
  9 bats
  2 giant newts (D:1)
  7 rats
74 creatures vanquished.

Notes
Turn   | Place    | Note
--------------------------------------------------------------
     0 | D:1      | shakdrar the Deep Elf Conjurer began the quest for the Orb.
     0 | D:1      | Reached XP level 1. HP: 10/10 MP: 6/6
   285 | D:1      | Reached XP level 2. HP: 13/15 MP: 1/8
   597 | D:1      | Reached skill level 5 in Conjurations
   734 | D:1      | Learned a level 2 spell: Searing Ray
   896 | D:2      | Found a faded altar to an unknown god.
   915 | D:2      | Reached XP level 3. HP: 19/19 MP: 5/9
  1332 | D:2      | Reached XP level 4. HP: 24/24 MP: 7/11
  1367 | D:2      | Learned a level 3 spell: Dazzling Spray
  1372 | D:2      | Learned a level 4 spell: Iskenderun's Mystic Blast
  2125 | D:3      | Noticed Ijyb
  2133 | D:3      | Killed Ijyb
  2133 | D:3      | Reached XP level 5. HP: 25/28 MP: 0/13
  2378 | D:3      | Reached skill level 6 in Conjurations
  2455 | D:3      | Noticed Robin
  2683 | D:3      | Killed Robin
  3251 | D:4      | Noticed an ogre
  3433 | D:4      | Noticed Eustachio
  3622 | D:4      | Noticed shakdrar's ghost (average DECj)
  3630 | D:4      | Killed from afar by shakdrar's ghost

Vault maps used:
D:1:      scummos_arrival_gate, minivault_11, minmay_fountain_box
D:2:      ecumenical_altar_2
D:3:      first_bread, uniq_iyjb, uniq_robin
D:4:      temple_hall, minivault_25, uniq_crazy_yiuf_cottage, uniq_sigmund,
          uniq_eustachio

Action                   |  1- 3 |  4- 6 || total
-------------------------+-------+-------++-------
Melee: Dagger            |       |     4 ||     4
 Cast: Magic Dart        |    74 |    94 ||   168
       Dazzling Spray    |       |     5 ||     5
       Iskenderun's Myst |       |     7 ||     7
  Use: Potion            |     4 |     3 ||     7
       Scroll            |     8 |     3 ||    11
  Eat: Chunk             |     1 |     1 ||     2
       Bread ration      |       |     1 ||     1
       Meat ration       |       |     1 ||     1
